 Dungeon Crawl Stone Soup version 0.28-a0-948-gee6e0bcda6 (webtiles) character file.

Game seed: 14954495069138749000

91 BinkBink the Covered (level 4, -3/29 HPs)
             Began as a Gargoyle Fighter on Nov 30, 2021.
             Slain by Sigmund (9 damage)
             ... on level 2 of the Dungeon.
             The game lasted 00:03:15 (2285 turns).

BinkBink the Covered (Gargoyle Fighter)             Turns: 2285, Time: 00:03:15

Health: -3/29      AC: 10    Str: 18 (21) XL:     4   Next: 57%
Magic:  4/4        EV:  9    Int:  6 (8)  God:
Gold:   27         SH:  4    Dex:  8 (9)  Spells: 3/3 levels left

rFire   . . .      SeeInvis .   a - +0 flail
rCold   . . .      Faith    .   c - +0 buckler
rNeg    + . .      Spirit   .   b - +0 scale mail
rPois   ∞          Reflect  .   (no helmet)
rElec   +          Harm     .   (no cloak)
rCorr   .          Rampage  .   (no gloves)
Will    .....                   (no boots)
Stlth   ..........              (no amulet)
HPRegen 0.09/turn               (no ring)
MPRegen 0.09/turn               (no ring)

@: mighty
A: sickness immunity, AC +3, negative energy resistance 1, electricity
resistance, torment resistance 1, petrification resistance
a: no special abilities


You were on level 2 of the Dungeon.
You visited 1 branch of the dungeon, and saw 2 of its levels.

You collected 27 gold pieces.

Inventory:

Hand Weapons
 a - a +0 flail (weapon)
Armour
 b - a +0 scale mail (worn)
 c - a +0 buckler (worn)
 g - a +0 pair of gloves
Jewellery
 j - a ring of fire
Scrolls
 e - a scroll of identify {unknown}
 i - a scroll of blinking {unknown}


   Skills:
 + Level 3.7 Fighting
 + Level 3.2 Maces & Flails
 + Level 4.0 Armour
 + Level 0.2 Stealth
 + Level 3.9 Shields


You had 3 spell levels left.
You didn't know any spells.
Your spell library contained the following spells:

 Spells                   Type           Power      Damage    Failure   Level
 Animate Skeleton         Necr           0%         N/A       83%         1
 Pain                     Necr           0%         1d4       83%         1
 Corpse Rot               Necr/Air       0%         N/A       93%         2
 Vampiric Draining        Necr           0%         2d6       99%         3


Dungeon Overview and Level Annotations

Branches:
Dungeon (2/15)

Altars:
Kikubaaqudgha

Annotations:
D:2 Sigmund


Innate Abilities, Weirdness & Mutations

You are immune to sickness and miasma.
Your stone body is resilient. (AC +3)
You are immune to poison.
You resist negative energy. (rN+)
You are resistant to electric shocks. (rElec)
You are resistant to unholy torment.
You are immune to petrification.


Message History

You closely miss Sigmund.
Sigmund zaps a wand.
The puff of flame misses you.
You sock Sigmund!
Sigmund is heavily wounded.
You block Sigmund's attack.
You hit Sigmund but do no damage.
Sigmund is heavily wounded.
Sigmund hits you but does no damage.
You sock Sigmund!
Sigmund is almost dead.
Sigmund gestures at you while chanting.
The puff of flame hits you but does no damage.
You barely miss Sigmund.
Sigmund is almost dead.
You block Sigmund's attack.
You barely miss Sigmund.
Sigmund is almost dead.
Sigmund casts a spell.
Sigmund flickers and vanishes!
Deactivating autopickup; reactivate with Ctrl-A.
You closely miss something.
No target in view!
You sock something!
You hear some strange, mumbled words.
A puff of flame appears from out of thin air!
The puff of flame hits you.
You closely miss something. Something hits you.
You miss something. Something hits you.
You hit something but do no damage. Something hits you but does no damage.
It was a potion of degeneration.
There was something very wrong with that liquid.
You feel weakened.
You feel dopey.
You feel clumsy.
It was a potion of curing.
You feel better.
You hear a zap.
A puff of flame appears from out of thin air!
The puff of flame hits you!
You feel very mighty all of a sudden. Something hits you.
* * * LOW HITPOINT WARNING * * *
You closely miss something. Something hits you!
You die...

##g#####..#####.##.
###.# #.## #.##.
#...# #.# #.##.
#Z### #.######.##.
#.# ####......#.##.
#{# ##.##.####.#.##.
#.###.#.#....).<.##.
#.##<###............
#######.#@##
##..###.#####
........{## ##.# #.#
.....##...# ##..#
#.# #### ####.#
#...# #.# #.#.#..#
#.# #.##..###.#
#.........#
##.#.###### #.#.#


There were no monsters in sight!

Vanquished Creatures
  A water moccasin zombie (D:1)
  A water moccasin skeleton (D:1)
  4 gnolls (D:2)
  2 adders (D:2)
  A worm zombie (D:2)
  A worm (D:2)
  4 dart slugs
  2 endoplasms
  A giant cockroach (D:2)
  3 hobgoblins (D:1)
  2 quokkas
  A ball python (D:1)
  3 bats
  A dart slug zombie (D:1)
  2 frilled lizards
  2 giant cockroach zombies
  A goblin skeleton (D:1)
  A hobgoblin zombie (D:1)
  A kobold (D:2)
  3 rats
  A spectral kobold (D:1)
38 creatures vanquished.

Notes
Turn   | Place    | Note
-------+----------+-------------------------------------------
     0 | D:1      | BinkBink the Gargoyle Fighter began the quest for the Orb.
     0 | D:1      | Reached XP level 1. HP: 14/14 MP: 1/1
    70 | D:1      | Reached XP level 2. HP: 19/19 MP: 2/2
   181 | D:1      | Found a faded altar of an unknown god.
   190 | D:1      | Prayed at the altar of an unknown god.
   190 | D:1      | Became a worshipper of Kikubaaqudgha
   190 | D:1      | Reached * piety under Kikubaaqudgha
   190 | D:1      | Received a gift from Kikubaaqudgha
   191 | D:1      | Fell from the grace of Kikubaaqudgha
   439 | D:1      | Found Qucwuf's Jewellery Shoppe.
   978 | D:2      | Reached XP level 3. HP: 12/23 MP: 3/3
  1666 | D:2      | Reached XP level 4. HP: 6/28 MP: 4/4
  1676 | D:2      | Reached skill level 4 in Armour
  2036 | D:2      | Noticed Sigmund
  2285 | D:2      | Slain by Sigmund

Illustrated notes

Levels and vault maps discovered:
D:1:      nicolae_arrival_washed_ashore, layout_loops_cross, serial_shops,
          nicolae_lakefront_shop, dreamdust_ecumenical_altar_drowned_temple
D:2:      layout_loops_ring, minmay_pentomino_x2, uniq_crazy_yiuf_cottage,
          uniq_sigmund

Skill      XL: |  1  2  3  4 |
---------------+-------------+-----
Maces & Flails | 3 |  3.2
Armour         | 4 |  4.0
Fighting       | |  3.7
Stealth        | |  0.2
Shields        | |  3.9

Action                   |  1- 3 |  4- 6 || total
-------------------------+-------+-------++-------
Melee: Flail             |   112 |    48 ||   160
Invok: Renounce Religion |     1 |       ||     1
  Use: Potion            |       |     4 ||     4
Armor: Scale mail        |    60 |    38 ||    98
Dodge: Dodged            |    56 |    37 ||    93
Block: Buckler           |    14 |    16 ||    30

Table legend: (Time is in decaauts)
 A = Elapsed time spent in this place.
 B = Non-inter-level travel time spent in this place.
 C = Inter-level travel time spent in this place.
 D = Time resting spent in this place.
 E = Time spent auto-exploring this place.
 F = Levels seen in this place.
 G = Mean time per level.
                   A        B        C        D        E       F      G
               +--------+--------+--------+--------+--------+-----+--------+
         Total |   2339 |   2271 |     68 |      0 |   1908 |   2 | 1169.5 |
       Dungeon |   2339 |   2271 |     68 |      0 |   1908 |   2 | 1169.5 |
               +--------+--------+--------+--------+--------+-----+--------+

Top non-repeatable levels by time:
     D:1: 1415 daAuts
     D:2: 923 daAuts
